 Dungeon Crawl Stone Soup version 0.17-a0-2171-ga91b4ec (webtiles) character file.

50506 4thArraOfDagon the Covert (level 14, -6/99 HPs)
             Began as a Human Wanderer on Oct 25, 2015.
             Was an Elder of Dithmenos.
             Mangled by a sixfirhy (9 damage)
             ... on level 4 of the Abyss.
             The game lasted 01:41:45 (11550 turns).

4thArraOfDagon the Covert (Human Wanderer)         Turns: 11550, Time: 01:41:45

Health: -6/99      AC:  6    Str: 12    XL:     14   Next: 29%
Magic:  15/19      EV:  8    Int: 18    God:    Dithmenos [****..]
Gold:   190        SH:  0    Dex: 12    Spells: 7 memorised, 2 levels left

rFire  . . .     SeeInvis +     q - +3 rapier of the End of Times {pierce, +Fly SInv}
rCold  + + .     Rnd*Rage +     E - +2 animal skin {rC+}
rNeg   . . .     SustAt   .     (no shield)
rPois  .         Gourm    .     (helmet restricted)
rElec  .         Spirit   .     z - +2 cloak
rCorr  .         Warding  .     (no gloves)
rMut   .         Stasis   .     (no boots)
MR     +....                    (no amulet)
Stlth  ++++++++..               C - ring of protection from cold
                                I - ring of stealth

@: mighty, very slightly contaminated, hasted, wreathed by umbra, drained, very
quick, somewhat resistant to hostile enchantments, extraordinarily stealthy
A: horns 1, berserk 1, blurry vision 1, breathe flames 1, clumsy 1, deformed
body, low mp 2, regeneration 1, screaming 1, slow regeneration 1, weak 2,
subdued magic 2
a: Shadow Step, Renounce Religion, Breathe Fire, Evoke Flight
}: 1/15 runes: abyssal


You were on level 4 of the Abyss.
You worshipped Dithmenos.
Dithmenos was greatly pleased with you.
You were full.

You visited 3 branches of the dungeon, and saw 20 of its levels.
You visited the Abyss 1 time.
You also visited: Ice Cave.

You collected 1806 gold pieces.
You spent 1616 gold pieces at shops.

Inventory:

Hand Weapons
 b - a +2 blowgun
 e - the +3 quarterstaff of Duty {freeze, rC+ rN+ MR- Int+6}
   (You found it on level 5 of the Dungeon)

   It has been specially enchanted to freeze those struck by it, causing extra
   injury to most foes and up to half again as much damage against particularly
   susceptible opponents.
   It can also slow down cold-blooded creatures.
   It affects your intelligence (+6).
   It protects you from cold.
   It protects you from negative energy.
   It affects your resistance to hostile enchantments.
 h - a +5 dagger of protection
 q - the +3 rapier of the End of Times (weapon) {pierce, +Fly SInv}
   (You acquired it on level 3 of the Elven Halls)

   It inflicts extra damage upon your enemies.
   It lets you see invisible.
   It lets you fly.
 F - a +2 dagger of electrocution
 G - a +2 dagger of venom
 M - a +3 dagger of freezing
Missiles
 c - 22 poisoned needles
Armour
 i - a +0 leather armour of fire resistance
 j - a +2 helmet
 t - a +2 robe of magic resistance
 z - a +2 cloak (worn)
 E - a +2 animal skin of cold resistance (worn)
Magical Staves
 p - an uncursed staff of wizardry {!a}
Jewellery
 g - an uncursed ring of protection from fire
 u - an uncursed ring of positive energy
 v - an uncursed ring of ice
 C - a ring of protection from cold (right hand)
 H - an uncursed ring of wizardry {unknown}
 I - a ring of stealth (left hand)
 U - a +4 ring of strength {unknown}
Wands
 l - a wand of digging (0)
 m - a wand of paralysis (8)
 n - a wand of enslavement (11)
 s - a wand of cold (1)
 y - a wand of draining (5)
 R - a wand of paralysis (17)
Scrolls
 a - a scroll of recharging
 d - a scroll of magic mapping
 r - a scroll of amnesia
 P - a scroll of fog
 Q - a scroll of fear {unknown}
 S - a scroll of identify
Potions
 o - 2 potions of brilliance
 w - 2 potions of ambrosia {unknown}
 x - a potion of lignification
 D - a potion of agility
 J - 2 potions of flight
 K - 5 potions of curing
 L - a potion of heal wounds
 O - a potion of might
 T - a potion of resistance
Books
 k - a Fen Folio

   Spells                             Type                      Level
   a - Corpse Rot                     Necromancy                   2
   b - Stone Arrow                    Conjuration/Earth            3
   c - Leda's Liquefaction            Hexes/Earth                  4
   d - Summon Forest                  Summoning/Translocation      5
   e - Hydra Form                     Transmutation                6
   f - Summon Hydra                   Summoning                    7
 B - a book of Ice

   Spells                             Type                      Level
   a - Ice Form                       Ice/Transmutation            4
   b - Metabolic Englaciation         Hexes/Ice                    5
   c - Ozocubu's Refrigeration        Ice                          6
   d - Bolt of Cold                   Conjuration/Ice              6
   e - Freezing Cloud                 Conjuration/Ice/Air          6
   f - Simulacrum                     Ice/Necromancy               6
Miscellaneous
 N - an ornate deck of defence {drawn: 1}
Comestibles
 f - 4 bread rations


   Skills:
 - Level 5.6(4.5) Fighting
 - Level 10.2(8.9) Short Blades
   Level 1.0(0.0) Crossbows
 - Level 1.0(0.0) Throwing
 - Level 2.0(0.9) Armour
 - Level 5.0(3.9) Dodging
 - Level 12.6(11.2) Stealth
 + Level 7.2(6.0) Spellcasting
 * Level 6.6(5.4) Conjurations
 - Level 0.2(0.0) Hexes
 - Level 1.0(0.0) Transmutations
 * Level 9.0(7.7) Ice Magic
 * Level 6.4(5.2) Air Magic
 - Level 2.5(1.4) Poison Magic
 - Level 5.0(3.8) Invocations
 - Level 4.2(3.1) Evocations


You had 2 spell levels left.
You knew the following spells:

 Your Spells              Type           Power        Failure   Level  Hunger
a - Ice Form              Ice/Trmt       #.......     8%          4    ####...
b - Mephitic Cloud        Conj/Pois/Air  #.......     1%          3    ##.....
c - Repel Missiles        Chrm/Air       #.....       1%          2    None
d - Blink                 Tloc           N/A          3%          2    None
e - Ensorcelled Hibernat  Hex/Ice        #.....       1%          2    None
f - Ozocubu's Refrigerat  Ice            ###.......   54%         6    #######
g - Freezing Cloud        Conj/Ice/Air   ##........   87%         6    #######


Dungeon Overview and Level Annotations

Branches:
Dungeon (13/15)            Temple (0/1) D:5             Orc (4/4) D:9
    Elf (3/3) Orc:4
   Lair: D:8-11      Vaults: D:13-14

Altars:
Dithmenos
Elyvilon
Okawaru
Ru
Trog
Vehumet
Xom
Yredelemnul
Zin
The Shining One

Shops:
D:11 :}   Orc:1 *::   Orc:3 !   Orc:4 !*%*

Annotations:
D:5 Eustachio
D:7 Dowan, Duvessa
D:11 LARI
D:12 Azrael


Innate Abilities, Weirdness & Mutations

You have a pair of small horns on your head.
You can breathe flames.
Your natural rate of healing is unusually fast.
You are very weak. (Str -4)
[You tend to lose your temper in combat.]
[Scrolls take you a little longer to read.]
[You are clumsy. (Dex -2)]
[Armour fits poorly on your strangely shaped body.]
[Your magical capacity is very low (-20% MP).]
[You occasionally shout uncontrollably at your foes.]
[You regenerate slowly when monsters are visible.]
[Your spells are easier to cast, but less powerful.]


Message History

Unknown command.
Found a gateway leading out of the Abyss.
You see here a scroll of magic mapping.
d - a scroll of magic mapping Unknown command.
Unknown command.
Unknown command.
Unknown command.
The sixfirhy barely misses you.
There is a gateway leading out of the Abyss here.
Unknown command.
Unknown command.
The sixfirhy hits you.
* * * LOW HITPOINT WARNING * * *
The sixfirhy shocks you!
* * * LOW HITPOINT WARNING * * *
The sixfirhy hits you.
* * * LOW HITPOINT WARNING * * *
The sixfirhy shocks you!
You die...

## ###. .# ...###
#...###.#.. #..
..#.....# # #}#
.#. #@.## X. . #.
###4.# .# #..X##.
#.#.##..#
.##.#............#
.%. ...#..##..#..#
# .........#..#. .
#........#....###.
.. .#..###..#..##
# #.# .... ....


You could see a sixfirhy.

Vanquished Creatures
  Rupert (Orc:4)
  A deep elf blademaster (Elf:3)
  2 deep elf sorcerers (Elf:3)
  2 deep elf annihilators (Elf:3)
  A white draconian (IceCv)
  A deep elf death mage (Elf:3)
  A deep elf high priest (Elf:3)
  A rakshasa (Abyss:3)
  Erolcha (D:9)
  A death yak (IceCv)
  4 orc high priests (Orc:4)
  A deep elf knight (Elf:2)
  Nergalle (D:12)
  A deep elf summoner (Elf:3)
  2 hill giants
  3 deep elf conjurers
  An orc sorcerer (Orc:4)
  Maurice (Orc:3)
  A kobold demonologist (D:13)
  2 deep elf priests
  11 polar bears (IceCv)
  A slime creature (D:12)
  2 small abominations (Abyss:3)
  A blink frog (shapeshifter) (Elf:1)
  A shadow (D:12)
  A trapdoor spider (D:11)
  15 yaks (IceCv)
  10 deep elf magi
  10 deep elf fighters
  14 wolves (IceCv)
  2 wargs (Orc:2)
  2 insubstantial wisps
  A soldier ant (shapeshifter) (Elf:3)
  3 black bears
  19 orc warriors
  5 centaurs
  11 ice beasts
  2 phantoms
  5 ogres
  An eye of draining (D:10)
  2 necrophages
  4 sky beasts
  5 giant frogs
  A killer bee (D:10)
  A scorpion (D:10)
  8 wights (D:9)
  2 crimson imps
  A hound (D:7)
  30 orc wizards
  33 orc priests
  3 giant frog skeletons
  3 iguanas
  A jelly (D:7)
  A gnoll shaman (D:9)
  5 worker ants
  A hound zombie (D:8)
  A hound skeleton (D:5)
  4 gnolls (D:9)
  14 adders
  2 shadow imps
  An adder zombie (D:9)
  2 adder skeletons
  112 orcs
  A hobgoblin (D:1)
  4 jackals (D:8)
  2 ball pythons (D:4)
  3 bats
  2 giant cockroaches
  3 giant geckos
  4 goblins
  A jackal skeleton (D:4)
  A jackal zombie (D:7)
  4 kobolds
  3 quokkas
  A quokka skeleton (D:9)
412 creatures vanquished.

Vanquished Creatures (collateral kills)
  A killer bee (D:10)
1 creature vanquished.

Vanquished Creatures (others)
  43 fungi (D:11)
  A lurking horror (Abyss:2)
  29 plants (D:11)
73 creatures vanquished.

Grand Total: 486 creatures vanquished

Notes
Turn   | Place    | Note
--------------------------------------------------------------
     0 | D:1      | 4thArraOfDagon the Human Wanderer began the quest for the Orb.
     0 | D:1      | 4thArraOfDagon set off with: 4 curare-tipped needles, a +2 blowgun, the Guide on Dark Magic, Urointil's Volume of Combat Magic, a +0 robe, a bread ration
     0 | D:1      | Reached XP level 1. HP: 13/13 MP: 2/2
     0 | D:1      | fate
     0 | D:1      | Identified the Guide on Dark Magic
     0 | D:1      | Identified Urointil's Volume of Combat Magic
     2 | D:1      | Learned a level 1 spell: Flame Tongue
   120 | D:2      | Reached skill level 1 in Fighting
   120 | D:2      | Reached XP level 2. HP: 11/22 MP: 0/3
   186 | D:2      | Reached XP level 3. HP: 19/28 MP: 2/4
   335 | D:2      | Found a faded altar to an unknown god.
   422 | D:4      | Noticed an ogre
   438 | D:4      | Killed an ogre
   438 | D:4      | Reached skill level 1 in Dodging
   438 | D:4      | Reached skill level 1 in Stealth
   438 | D:4      | Reached XP level 4. HP: 30/34 MP: 2/5
   438 | D:4      | Reached XP level 5. HP: 35/40 MP: 2/6
   536 | D:5      | Entered Level 5 of the Dungeon
   754 | D:5      | hmm
   847 | D:4      | Reached XP level 6. HP: 47/47 MP: 7/7
   887 | D:4      | Found a glowing golden altar of the Shining One.
   887 | D:4      | Found a white marble altar of Elyvilon.
   887 | D:4      | Found a glowing silver altar of Zin.
   941 | D:5      | Got a fine quarterstaff
   962 | D:4      | Identified the +3 quarterstaff of Duty {freeze, rC+ rN+ MR- Int+6} (You found it on level 5 of the Dungeon)
  1048 | D:4      | Found a shadowy altar of Dithmenos.
  1055 | D:4      | Noticed a phantom
  1056 | D:4      | Became a worshipper of Dithmenos the Shadowed
  1148 | D:5      | Found a bloodstained altar of Trog.
  1227 | D:5      | Found a staircase to the Ecumenical Temple.
  1228 | D:5      | Noticed Eustachio
  1316 | D:6      | Reached skill level 1 in Invocations
  1316 | D:6      | Reached XP level 7. HP: 9/52 MP: 8/8
  1591 | D:6      | Noticed an ice beast
  1595 | D:6      | Killed an ice beast
  1595 | D:6      | Reached skill level 4 in Short Blades
  1674 | D:6      | Noticed a black bear
  1708 | D:6      | Killed a black bear
  1708 | D:6      | Reached XP level 8. HP: 31/60 MP: 9/9
  1940 | D:7      | Reached skill level 5 in Stealth
  1946 | D:7      | Reached * piety under Dithmenos
  2118 | D:7      | Reached skill level 5 in Short Blades
  2258 | D:7      | Found a sacrificial altar of Ru.
  2258 | D:7      | Found a radiant altar of Vehumet.
  2263 | D:7      | Found a basalt altar of Yredelemnul.
  2277 | D:7      | Noticed Duvessa
  2280 | D:7      | Noticed Dowan
  2524 | D:8      | Reached XP level 9. HP: 43/66 MP: 11/11
  2630 | D:8      | Gained mutation: You have sharp toenails. [mutagenic meat]
  2631 | D:8      | Gained mutation: You have a pair of small horns on your head. [mutagenic meat]
  2632 | D:8      | Lost mutation: You have sharp toenails. [mutagenic meat]
  2633 | D:8      | Gained mutation: You are weak. (Str -2) [mutagenic meat]
  2634 | D:8      | Gained mutation: Your natural rate of healing is unusually fast. [mutagenic meat]
  2635 | D:8      | Gained mutation: [Your spells are a little easier to cast, but a little less powerful.] [mutagenic meat]
  2714 | D:8      | Reached skill level 6 in Stealth
  2789 | D:8      | :O
  2845 | D:9      | Noticed Erolcha
  2854 | D:9      | Killed Erolcha
  2854 | D:9      | Reached skill level 5 in Fighting
  2892 | D:9      | Found a staircase to the Orcish Mines.
  2923 | D:10     | Entered Level 10 of the Dungeon
  2924 | D:10     | Reached skill level 7 in Stealth
  3171 | D:9      | Reached XP level 10. HP: 33/74 MP: 13/13
  3426 | D:10     | Reached ** piety under Dithmenos
  3521 | D:10     | Noticed a hill giant
  3525 | D:10     | Killed a hill giant
  3525 | D:10     | Reached skill level 8 in Stealth
  3551 | D:10     | Reached skill level 5 in Invocations
  3579 | D:11     | Found Cosh's Book Boutique.
  3584 | D:11     | Bought a book of Minor Magic for 260 gold pieces
  3588 | D:11     | Learned a level 3 spell: Mephitic Cloud
  3711 | D:11     | Found a frozen archway.
  3742 | D:11     | Reached skill level 1 in Air Magic
  3760 | D:11     | Reached skill level 1 in Conjurations
  3760 | D:11     | Reached skill level 1 in Poison Magic
  3927 | IceCv    | Entered an ice cave
  4132 | IceCv    | Noticed a death yak
  4169 | IceCv    | Killed a death yak
  4180 | IceCv    | Reached XP level 11. HP: 37/81 MP: 9/17
  4268 | IceCv    | Reached skill level 5 in Dodging
  4328 | IceCv    | Learned a level 2 spell: Repel Missiles
  4331 | IceCv    | Learned a level 2 spell: Blink
  4353 | IceCv    | Reached skill level 9 in Stealth
  4482 | IceCv    | Reached skill level 10 in Stealth
  4515 | IceCv    | Reached *** piety under Dithmenos
  4672 | IceCv    | Noticed an ice statue
  4780 | IceCv    | Noticed a white draconian
  4781 | IceCv    | Reached skill level 11 in Stealth
  4786 | IceCv    | Killed a white draconian
  4946 | D:11     | Reached XP level 12. HP: 81/87 MP: 18/18
  5056 | D:11     | Found Piazyafu's Gadget Shop.
  5276 | D:11     | Noticed a red ugly thing
  5620 | D:12     | Noticed Azrael
  5733 | D:12     | Noticed Nergalle
  5812 | D:12     | Killed Nergalle
  5812 | D:12     | Reached skill level 12 in Stealth
  5953 | D:11     | Learned a level 4 spell: Ice Form
  6201 | D:9      | Found a shimmering altar of Xom.
  6314 | D:9      | upgrade
  6502 | D:9      | Reached skill level 10 in Short Blades
  6635 | D:8      | Reached **** piety under Dithmenos
  6738 | Orc:1    | Entered Level 1 of the Orcish Mines
  6738 | Orc:1    | Found Samioc's Superlative Supplies.
  7057 | Orc:1    | Found Koitwob's Book Boutique.
  7057 | Orc:1    | Found Lypanoq's Book Shoppe.
  7406 | Orc:2    | Reached ***** piety under Dithmenos
  7717 | Orc:1    | Bought the Volume of Execration for 606 gold pieces
  7720 | Orc:1    | Learned a level 2 spell: Ensorcelled Hibernation
  7838 | Orc:3    | Found Zequfo's Distillery.
  7887 | Orc:3    | Learned a level 6 spell: Ozocubu's Refrigeration
  7993 | Orc:3    | Found an iron altar of Okawaru.
  8136 | Orc:3    | Noticed Maurice
  8141 | Orc:3    | Killed Maurice
  8160 | Orc:3    | You fall through a shaft!
  8160 | Orc:4    | Entered Level 4 of the Orcish Mines
  8161 | Orc:4    | :(
  8297 | Orc:4    | Found a staircase to the Elven Halls.
  8304 | Orc:4    | Noticed Rupert
  8315 | Orc:4    | Killed Rupert
  8315 | Orc:4    | Reached skill level 5 in Spellcasting
  8315 | Orc:4    | Reached skill level 5 in Ice Magic
  8386 | Orc:3    | Bought a potion of poison for 15 gold pieces
  8386 | Orc:3    | Bought a potion of brilliance for 60 gold pieces
  8387 | Orc:3    | Bought a potion of agility for 60 gold pieces
  8556 | Orc:4    | Reached XP level 13. HP: 49/93 MP: 10/21
  8951 | Orc:4    | Found Hotishay's Distillery.
  8951 | Orc:4    | Found Jalol's Food Boutique.
  8951 | Orc:4    | Noticed an orc high priest
  8953 | Orc:4    | Found Tadybl Yczu's Assorted Antiques.
  8955 | Orc:4    | Noticed an orc high priest
  8977 | Orc:4    | Found Soeleir's General Store.
  9003 | Orc:4    | Noticed an orc high priest
  9125 | Orc:4    | Noticed an orc high priest
  9281 | Orc:4    | Killed an orc high priest
  9395 | Orc:4    | Killed an orc high priest
  9477 | Orc:4    | Killed an orc high priest
  9642 | Orc:4    | Killed an orc high priest
  9651 | Orc:4    | Bought a dark potion for 29 gold pieces
  9652 | Orc:4    | Bought an uncursed ring of stealth for 192 gold pieces
  9653 | Orc:4    | Bought a potion of heal wounds for 70 gold pieces
  9653 | Orc:4    | Bought a potion of heal wounds for 70 gold pieces
  9653 | Orc:4    | Bought a potion of might for 56 gold pieces
  9653 | Orc:4    | Bought a potion of might for 56 gold pieces
  9653 | Orc:4    | Bought a potion of curing for 42 gold pieces
  9653 | Orc:4    | Bought a potion of curing for 42 gold pieces
  9653 | Orc:4    | Bought a potion of lignification for 42 gold pieces
  9656 | Orc:4    | Bought a beef jerky for 16 gold pieces
  9711 | Elf:1    | Entered Level 1 of the Elven Halls
  9936 | Elf:1    | come on
 10240 | Elf:2    | Noticed a deep elf annihilator
 10267 | Elf:2    | Learned a level 6 spell: Freezing Cloud
 10379 | Elf:3    | Entered Level 3 of the Elven Halls
 10534 | Elf:3    | Noticed a deep elf death mage
 10538 | Elf:3    | Killed a deep elf death mage
 10538 | Elf:3    | Reached skill level 5 in Conjurations
 10758 | Elf:3    | Identified a scroll of acquirement
 10759 | Elf:3    | Got an ebony rapier
 10760 | Elf:3    | Identified the +3 rapier of the End of Times {pierce, +Fly SInv} (You acquired it on level 3 of the Elven Halls)
 10761 | Elf:3    | :/
 10768 | Elf:3    | Noticed a deep elf high priest
 10778 | Elf:3    | Noticed a deep elf sorcerer
 10784 | Elf:3    | Noticed a deep elf annihilator
 10789 | Elf:3    | Noticed a deep elf demonologist
 10790 | Elf:3    | Killed a deep elf high priest
 10790 | Elf:3    | Reached skill level 5 in Air Magic
 10790 | Elf:3    | Killed a deep elf sorcerer
 10791 | Elf:3    | Noticed a deep elf annihilator
 10793 | Elf:3    | Noticed a deep elf blademaster
 10793 | Elf:3    | Noticed a deep elf sorcerer
 10810 | Elf:3    | Killed a deep elf blademaster
 10810 | Elf:3    | Reached XP level 14. HP: 58/99 MP: 8/24
 10825 | Elf:3    | Killed a deep elf sorcerer
 10826 | Elf:3    | Killed a deep elf annihilator
 10828 | Elf:3    | Killed a deep elf annihilator
 10844 | Elf:3    | Cast into the Abyss (a deep elf demonologist)
 10846 | Abyss:1  | Found a corrupted altar of Lugonu.
 10881 | Abyss:1  | Noticed a starcursed mass
 10949 | Abyss:1  | Found a corrupted altar of Lugonu.
 11184 | Abyss:2  | Noticed a lorocyproca
 11195 | Abyss:2  | Found a corrupted altar of Lugonu.
 11202 | Abyss:2  | Found a corrupted altar of Lugonu.
 11220 | Abyss:2  | Gained mutation: You are very weak. (Str -4) [potion of mutation]
 11220 | Abyss:2  | Gained mutation: You can breathe flames. [potion of mutation]
 11228 | Abyss:2  | w/e
 11341 | Abyss:2  | Noticed a brown very ugly thing
 11344 | Abyss:2  | Found a corrupted altar of Lugonu.
 11377 | Abyss:2  | Found a corrupted altar of Lugonu.
 11407 | Abyss:3  | Found a corrupted altar of Lugonu.
 11489 | Abyss:3  | Noticed a thorn hunter
 11493 | Abyss:3  | Got an abyssal rune of Zot
 11550 | Abyss:4  | HP: 3/99 [sixfirhy (5)]
 11550 | Abyss:4  | Mangled by a sixfirhy

Vault maps used:
D:1:      dpeg_arrival_shelter
D:2:      overflow_temple_1_default, ecumenical_altar_1, uniq_natasha,
          uniq_terence, uniq_crazy_yiuf_cottage
D:3:      fedhas_altar_4, hangedman_decor_push
D:4:      good_gods_mini_temple, grunt_dithmenos_smoke_and_mirrors, first_bread
D:5:      lemuel_ice_spiral_2, bloody_trog, kennysheep_little_box,
          minmay_temple_entry_butterflies, uniq_eustachio
D:7:      gammafunk_temple_overflow_claw, slow_altar_1, serial_shops,
          nicolae_shop_temple_entry_statues_fountains,
          kennysheep_generic_room_9, uniq_duvessa
D:9:      xom_teletrap_fun, orc_0_dummy, serial_shops, kennysheep_mini,
          uniq_erolcha
D:11:     due_lair_maze_entry_diamond, serial_shops, nicolae_shop_waterfront,
          nicolae_shop_crystal, portal_ice_cave_entry_ice_beasts
D:12:     grunt_ogre_cave, corner_web_ring, uniq_nergalle, uniq_azrael
D:13:     erik_vaults_1
Orc:1:    basic_altar, serial_shops, shop, shop, shop, nicolae_alphabet_shops
Orc:2:    nicolae_orc_bridge_out, amalloy_card_club, uniq_gastronok
Orc:3:    serial_shops, shop, nicolae_orc_pool_cavern,
          okawaru_metal_pillars_1_2, uniq_maurice
Orc:4:    st_orc_mages, uniq_rupert
Elf:1:    elf_arrival_002, orc_legates
Elf:3:    minmay_elf_hall_four_x
Abyss:2:  onia_ninara_dug_in_and_dangerous
Abyss:4:  evilmike_abyss_exit_chaos, hangedman_abyss_or_decor_jellyfish_corner,
          evilmike_abyss_exit_mutagenic, evilmike_abyss_exit_14, minivault_5
IceCv:    ice_cave_caverns_01

Action                   |  1- 3 |  4- 6 |  7- 9 | 10-12 | 13-15 || total
-------------------------+-------+-------+-------+-------+-------++-------
Melee: Dagger            |    16 |   107 |   279 |   964 |   328 ||  1694
       Quarterstaff      |       |     9 |    12 |    56 |       ||    77
       Rapier            |       |       |       |       |    35 ||    35
 Fire: Blowgun           |    10 |     2 |       |       |       ||    12
 Cast: Flame Tongue      |    15 |     5 |       |     1 |       ||    21
       Mephitic Cloud    |       |       |       |    67 |    31 ||    98
       Repel Missiles    |       |       |       |     1 |       ||     1
       Freezing Cloud    |       |       |       |       |     5 ||     5
       Ozocubu's Refrige |       |       |       |       |     1 ||     1
Invok: Shadow Step       |       |       |       |     3 |     3 ||     6
       Shadow Form       |       |       |       |       |     2 ||     2
Evoke: Wand              |       |       |     5 |    12 |    11 ||    28
       Deck              |       |       |       |       |     1 ||     1
  Use: Scroll            |       |     3 |     4 |     7 |    14 ||    28
       Potion            |       |     4 |     1 |     4 |    11 ||    20
 Stab: Sleeping          |     1 |     2 |     9 |    35 |    18 ||    65
       Confused          |       |       |       |    38 |    11 ||    49
       Paralysed         |       |       |       |     3 |     2 ||     5
       Distracted        |       |       |       |     1 |     2 ||     3
       Invisible         |       |       |       |       |     7 ||     7
  Eat: Beef jerky        |       |     1 |       |     1 |     4 ||     6
       Chunk             |       |     2 |    14 |    22 |    10 ||    48
       Royal jelly       |       |       |       |     1 |       ||     1
       Bread ration      |       |       |       |       |     1 ||     1
